 Dungeon Crawl Stone Soup version 0.19.0 (webtiles) character file.

118 Gorglomux the Sneak (level 5, 0/24 HPs)
             Began as a Vine Stalker Enchanter on Nov 1, 2016.
             Succumbed to an adder's poison
             ... on level 2 of the Dungeon.
             The game lasted 00:05:13 (1683 turns).

Gorglomux the Sneak (Vine Stalker Enchanter)        Turns: 1683, Time: 00:05:14

Health: 0/24       AC:  6    Str: 10    XL:     5   Next: 2%
Magic:  1/9        EV: 12    Int: 21    God:
Gold:   62         SH:  0    Dex: 15    Spells: 3 memorised, 2 levels left

rFire  . . .     SeeInvis .     a - +1 dagger
rCold  . . .     Gourm    .     b - +1 robe
rNeg   . . .     Faith    .     (no shield)
rPois  .         Spirit   +     i - +2 hat
rElec  .         Reflect  .     m - +0 cloak
rCorr  .         Harm     .     (no gloves)
MR     .....                    (no boots)
Stlth  +++.......               (no amulet)
                                (no ring)
                                (no ring)

@: brilliant, lethally poisoned (0 -> -6), very slightly contaminated
A: fangs 2, regeneration 1, magic shield, antimagic bite, no device heal 3, rot
immunity
a: no special abilities


You were on level 2 of the Dungeon.
You were hungry.

You visited 1 branch of the dungeon, and saw 3 of its levels.

You collected 62 gold pieces.

Inventory:

Hand Weapons
 a - a +1 dagger (weapon)
Armour
 b - a +1 robe (worn)
 i - a +2 hat (worn)
 m - a +0 cloak (worn)
Jewellery
 h - a cursed ring of teleportation {unknown}
Scrolls
 f - 4 scrolls of identify {unknown}
 l - a scroll of noise {unknown}
 n - a scroll of enchant armour {unknown}
Potions
 e - a potion of invisibility {unknown}
 j - a potion of brilliance
 k - a potion of lignification {unknown}
Books
 c - a book of Maledictions

   Spells                             Type                      Level
   a - Corona                         Hexes                        1
   b - Ensorcelled Hibernation        Hexes/Ice                    2
   c - Confuse                        Hexes                        3
   d - Tukima's Dance                 Hexes                        3
   e - Dazzling Spray                 Conjuration/Hexes            3
Comestibles
 d - 2 bread rations
 g - 2 chunks of flesh


   Skills:
 + Level 3.0 Short Blades
 - Level 1.5 Dodging
 + Level 5.5 Stealth
 - Level 2.1 Spellcasting
 - Level 3.0 Hexes


You had 2 spell levels left.
You knew the following spells:

 Your Spells              Type           Power        Failure   Level  Hunger
a - Corona                Hex            ####...      1%          1    #......
b - Ensorcelled Hibernat  Hex/Ice        ###...       1%          2    ##.....
c - Tukima's Dance        Hex            ####....     1%          3    ###....


Dungeon Overview and Level Annotations

Branches:
Dungeon (3/15)

Altars:


Innate Abilities, Weirdness & Mutations

You have extremely sharp teeth.
Your natural rate of healing is unusually fast.
When hurt, damage is shared between your health and your magic reserves.
Your bite disrupts and absorbs the magic of your enemies.
Potions and wands cannot restore your health.
You are immune to rotting.


Message History

You closely miss the adder.
The adder is heavily wounded.
The adder bites you but does no damage.
You hit the adder.
The adder is severely wounded.
You feel sick. The adder bites you.
* * * LOW HITPOINT WARNING * * *
You are more poisoned.
The adder poisons you!
You barely miss the adder. Your bite misses the adder.
The adder is severely wounded.
* * * LOW HITPOINT WARNING * * *
You feel sick.
The adder bites you but does no damage. x2
You miss the adder.
The adder is severely wounded.
* * * LOW HITPOINT WARNING * * *
You feel sick. The adder closely misses you.
It was a potion of brilliance.
You feel clever all of a sudden.
You die...

.................#
#.#
..#####........#.#
#.#
..##.............#
#.#
.................#
#.#
...(.............#
#.#
.......##........#
#.#
.......##........#
#.#
.......#.......†.####
#.#
.......#...)....@S..#
#.######
.......#............#
#.......
.......#............#
######.#
......##............#
#.#
......##............#
#.#
......##............#
#.#
......######........#
#.# ......#
#........# #.#
......# #........#
#.#


You could see an adder.

Vanquished Creatures
  4 adders (D:2)
  An ooze (D:2)
  3 worms (D:2)
  2 dart slugs
  2 leopard geckos (D:1)
  3 bats
  3 giant cockroaches
  8 goblins
  8 hobgoblins
  5 jackals (D:1)
  A ball python (D:1)
  6 frilled lizards
  7 kobolds
  8 rats
61 creatures vanquished.

Notes
Turn   | Place    | Note
-------+----------+-------------------------------------------
     0 | D:1      | Gorglomux the Vine Stalker Enchanter began the quest for the Orb.
     0 | D:1      | Reached XP level 1. HP: 9/9 MP: 4/4
    31 | D:1      | Reached skill level 1 in Short Blades
    77 | D:1      | Reached skill level 4 in Stealth
    77 | D:1      | Reached XP level 2. HP: 6/13 MP: 1/6
    82 | D:1      | Learned a level 2 spell: Ensorcelled Hibernation
   598 | D:1      | Reached XP level 3. HP: 14/16 MP: 7/7
   759 | D:1      | Learned a level 3 spell: Tukima's Dance
  1012 | D:2      | Reached skill level 5 in Stealth
  1061 | D:2      | Gained mutation: Your natural rate of healing is unusually fast. [Vine Stalker growth]
  1061 | D:2      | Reached XP level 4. HP: 17/21 MP: 5/8
  1678 | D:2      | Reached XP level 5. HP: 8/24 MP: 0/9
  1681 | D:2      | HP: 1/24 [poisoned by an adder]
  1683 | D:2      | Succumbed to an adder's poison

Skill      XL: |  1  2  3  4 |
---------------+-------------+-----
Short Blades   | 1 2 3 |  3.0
Stealth        | 4 5 |  5.5
Dodging        | |  1.5
Spellcasting   | |  2.1
Hexes          | |  3.0

Action                   |  1- 3 |  4- 6 || total
-------------------------+-------+-------++-------
Melee: Dagger            |   105 |    53 ||   158
       Bite              |    20 |    10 ||    30
 Cast: Corona            |    11 |       ||    11
       Ensorcelled Hiber |    15 |     9 ||    24
  Use: Potion            |       |     1 ||     1
 Stab: Sleeping          |    17 |    12 ||    29
  Eat: Chunk             |     2 |     2 ||     4
Armor: Robe              |    37 |    17 ||    54
Dodge: Dodged            |    70 |    35 ||   105
